 Dungeon Crawl Stone Soup version 0.28-a0-751-gef3a642a4e (webtiles) character file.

Game seed: 15728439535931562554

42 Johnny the Slasher (level 3, 0/29 HPs)
             Began as a Human Berserker on Oct 30, 2021.
             Was a Believer of Trog.
             Slain by Robin (6 damage)
             ... on level 2 of the Dungeon.
             The game lasted 00:01:37 (1635 turns).

Johnny the Slasher (Human Berserker)                Turns: 1635, Time: 00:01:38

Health: 0/29       AC: 11    Str: 18    XL:     3   Next: 77%
Magic:  3/3        EV:  5    Int:  7    God:    Trog [**....]
Gold:   34         SH:  0    Dex: 12    Spells: 2/2 levels left

rFire   . . .      SeeInvis .   a - +0 falchion
rCold   . . .      Faith    .   (no shield)
rNeg    . . .      Spirit   .   e - +1 plate armour
rPois   .          Reflect  .   (no helmet)
rElec   .          Harm     .   (no cloak)
rCorr   .          Rampage  .   (no gloves)
Will    ++...                   (no boots)
Stlth   ..........              (no amulet)
HPRegen 1.09/turn               (no ring)
MPRegen 0.08/turn               (no ring)

@: strong-willed, on berserk cooldown, regenerating
A: no striking features
a: Renounce Religion, Berserk, Trog's Hand


You were on level 2 of the Dungeon.
You worshipped Trog.
Trog was pleased with you.
You visited 1 branch of the dungeon, and saw 2 of its levels.

You collected 34 gold pieces.

Inventory:

Hand Weapons
 a - a +0 falchion (weapon)
Armour
 b - a +0 animal skin
 e - a +1 plate armour (worn)
Scrolls
 g - a scroll of vulnerability


   Skills:
 - Level 3.1 Fighting
 * Level 4.4 Long Blades
 - Level 2.0 Armour
 - Level 2.0 Dodging


You had 2 spell levels left.
You didn't know any spells.
Your spell library was empty.

Dungeon Overview and Level Annotations

Branches:
Dungeon (2/15)

Altars:

Annotations:
D:2 Robin


Message History

You are too injured to fight recklessly!
You are too injured to fight recklessly!
You are too injured to fight recklessly!
You are too injured to fight recklessly!
You are too injured to fight recklessly!
You are too injured to fight recklessly!
You are too injured to fight recklessly!
You are too injured to fight recklessly!
You are too injured to fight recklessly!
You are too injured to fight recklessly!
You are too injured to fight recklessly!
Your skin crawls.
You feel strong-willed. The goblin barely misses you.
Robin hits you with a +0 mace.
* * * LOW HITPOINT WARNING * * *
The goblin hits you but does no damage. The goblin hits you with a +0 dagger.
* * * LOW HITPOINT WARNING * * *
It was a potion of cancellation.
Your magical effects are unravelling.
You feel magically purged.
You feel yourself speed up. The goblin barely misses you.
The goblin completely misses you. The goblin hits you with a +0 club.
* * * LOW HITPOINT WARNING * * *
You barely miss Robin.
Robin is almost dead.
The goblin barely misses you. The goblin hits you with a +0 club.
* * * LOW HITPOINT WARNING * * *
You feel better. The goblin hits you but does no damage.
The goblin hits you with a +0 club.
* * * LOW HITPOINT WARNING * * *
You aren't carrying any items that you can evoke.
Unknown command.
Okay, then.
You barely miss Robin.
Robin is almost dead.
The goblin hits you with a +0 dagger.
* * * LOW HITPOINT WARNING * * *
Robin hits you with a +0 mace.
You die...

##### #.... >.... ..
######..#####..
#.g@g..........
######g#........#####
.........#.......#.#.#
.######.#.#.......#.##
# #.##.#.......... #.
#.###.#.........
#.######.#
##.#........
#...!....# ##.#.......
#......######.#


You could see Robin and 2 goblins.

Vanquished Creatures
  A dart slug (D:1)
  3 giant cockroaches (D:1)
  12 goblins
  6 hobgoblins
  2 kobolds (D:1)
  2 quokkas (D:1)
  A ball python (D:1)
  2 bats (D:1)
  A frilled lizard (D:1)
  6 rats (D:1)
36 creatures vanquished.

Notes
Turn   | Place    | Note
-------+----------+-------------------------------------------
     0 | D:1      | Johnny the Human Berserker began the quest for the Orb.
     0 | D:1      | Reached XP level 1. HP: 18/18 MP: 1/1
   343 | D:1      | Reached XP level 2. HP: 24/24 MP: 2/2
   626 | D:1      | Reached XP level 3. HP: 23/29 MP: 3/3
   628 | D:1      | Reached skill level 4 in Long Blades
   842 | D:1      | Reached ** piety under Trog
  1026 | D:2      | Noticed Robin
  1635 | D:2      | Slain by Robin

Illustrated notes

Levels and vault maps discovered:
D:1:      lightli_arrival_chessboard, layout_basic
D:2:      wad_pebble_path, layout_basic, shapermc_ecumenical_altar_petra,
          uniq_robin, uniq_natasha

Skill      XL: |  1  2  3 |
---------------+----------+-----
Long Blades    | 4 |  4.4
Fighting       | |  3.1
Armour         | |  2.0
Dodging        | |  2.0

Action                   || total
-------------------------++-------
Melee: Falchion          ||   124
Invok: Berserk           ||     4
       Trog's Hand       ||     2
  Use: Scroll            ||     3
       Potion            ||     3
Armor: Animal skin       ||    12
       Plate armour      ||   119
Dodge: Dodged            ||    72

Table legend: (Time is in decaauts)
 A = Elapsed time spent in this place.
 B = Non-inter-level travel time spent in this place.
 C = Inter-level travel time spent in this place.
 D = Time resting spent in this place.
 E = Time spent auto-exploring this place.
 F = Levels seen in this place.
 G = Mean time per level.
                   A        B        C        D        E       F      G
               +--------+--------+--------+--------+--------+-----+--------+
         Total |   1669 |   1643 |     26 |    765 |    546 |   2 |  834.5 |
       Dungeon |   1669 |   1643 |     26 |    765 |    546 |   2 |  834.5 |
               +--------+--------+--------+--------+--------+-----+--------+

Top non-repeatable levels by time:
     D:1: 1594 daAuts
     D:2: 75 daAuts
